[Event "*** SCC Grand Prix: Titled Tuesday Blitz"]
[Site "Chess.com"]
[Date "2020.09.08"]
[Round "8"]
[White "AliKa2810"]
[Black "JoliyRoger"]
[Result "0-1"]
[WhiteElo "2558"]
[BlackElo "2427"]
[TimeControl "180+1"]
[EndTime "11:36:19 PDT"]
[Termination "JoliyRoger won by resignation"]

1. d4 Nf6 2. c4 e6 3. Nf3 c5 4. d5 exd5 5. cxd5 d6 6. Nc3 g6 7. Nd2 Bg7 8. e4 O-O 9. Be2 Re8 10. O-O a6 11. a4 Nbd7 12. h3 Qe7 13. Re1 h6 14. a5 g5 15. Nc4 Ne5 16. Nb6 Rb8 17.
Bf1 Ng6 18. Ra3 Nd7 19. Nxc8 Rbxc8 20. Na4 Nge5 21. Rg3 Ng6 22. Bd2 Rb8 23. Bc3 b5 24.
axb6 Nxb6 25. Bxa6 Nxa4 26. Qxa4 Be5 27. Bxe5 Qxe5 28.
Bb5 Re7 29. b3 Reb7 30. Bc6 Rb4 31. Qa2 Rxe4 32. Rxe4 Qxe4 33. Re3 Qf4 34. Qa7 Rf8 35. g3 Qf6 36. Kg2 Ne5 37. Qc7 Kg7 38. Qa7 Rd8 39. Qa4 Rb8 40. Qa7 Rb4 41. Qc7 h5 42. Qc8 h4 43. Qe8 Rd4 44. Qc8 Rd2 0-1

[Event "*** SCC Grand Prix: Titled Tuesday Blitz"]
[Site "Chess.com"]
[Date "2020.09.08"]
[Round "8"]
[White "Konek-Gorbunok"]
[Black "bazar-wokzal"]
[Result "0-1"]
[WhiteElo "2337"]
[BlackElo "2479"]
[TimeControl "180+1"]
[EndTime "11:36:19 PDT"]
[Termination "bazar-wokzal won on time"]

1. d4 Nf6 2. Nf3 e6 3. g3 b5 4. a4 b4 5. Bg2 Bb7 6. O-O c5 7. dxc5 Bxc5 8. c4 bxc3 9. Nxc3 O-O 10. Bf4 Na6 11. Nb5 Ne4 12. Ng5 d5 13. Nxe4 dxe4 14.
Bd6 Re8 15. Bxc5 Nxc5 16. Nd6 Re7 17. b4 Nxa4 18. Nxb7 Qxd1 19. Rfxd1 Nc3 20. Rd8+ Rxd8 21. Nxd8 Rc7 22. Kf1 Kf8 23. b5 Nxb5 24. Bxe4 Nd4 25. Nb7 Nb3 26. Rd1 f5 27. Bf3 Ke7 28. Kg2 a5 0-1

[Event "*** SCC Grand Prix: Titled Tuesday Blitz"]
[Site "Chess.com"]
[Date "2020.09.08"]
[Round "8"]
[White "Manukyan_Artak"]
[Black "LaPorfia"]
[Result "1/2-1/2"]
[WhiteElo "2397"]
[BlackElo "2274"]
[TimeControl "180+1"]
[EndTime "11:36:19 PDT"]
[Termination "Game drawn by repetition"]

1. e4 d5 2. exd5 Nf6 3. Nc3 Nxd5 4. Bc4 c6 5. Qf3 Be6 6. Nge2 Nc7 7. Bxe6 Nxe6 8. d3 g6 9. h4 h5 10. Nf4 Qd7 11.
Be3 Bh6 12. O-O-O Nxf4 13. Bxf4 Bxf4+ 14. Qxf4 Qd6 15. Qg5 Nd7 16. Rhe1 e6 17. d4 Qe7 18. Qxe7+ Kxe7 19. d5 Nc5 20. dxc6 bxc6 21. Ne4 Nxe4 22.
Rxe4 Rhd8 23. Red4 Rxd4 24. Rxd4 Rd8 25. Rxd8 Kxd8 26.
b4 f6 27. c4 Kd7 28. Kd2 a6 29. Kd3 Kd6 30. f4 e5 31. g3 c5 32. b5 axb5 33. cxb5 Kc7 34. fxe5 fxe5 35. Kc4 e4 36. a4 Kb6 37. Kc3 Ka5 38. Kc4 Kb6 39. Kc3 Ka5 40. Kc4 Kb6 1/2-1/2

[Event "*** SCC Grand Prix: Titled Tuesday Blitz"]
[Site "Chess.com"]
[Date "2020.09.08"]
[Round "8"]
[White "OminousOmen"]
[Black "Konavets"]
[Result "1/2-1/2"]
[WhiteElo "2953"]
[BlackElo "3066"]
[TimeControl "180+1"]
[EndTime "11:36:22 PDT"]
[Termination "Game drawn by agreement"]

1. d4 Nf6 2. c4 e6 3. g3 c5 4. Nf3 cxd4 5. Nxd4 Nc6 6. Bg2 Qb6 7.
Nb3 Bb4+ 8. Nc3 a5 9. c5 Bxc5 10. Nxc5 Qxc5 11. O-O O-O 12. Be3 Qe7 13. Na4 d6 14. Nb6 Ra6 15. Rc1 Ng4 16. Nxc8 Rxc8 17. Bf4 e5 18. Bd2 Nf6 19. Qa4 h6 20. Qb5 d5 21. Rfd1 Rd8 22. Be3 Qb4 23. Rc5 Rb6 24. Qxb4 Rxb4 25. b3 a4 26. bxa4 Rxa4 27. Bxd5 Rxd5 28.
Rcxd5 Nxd5 29. Rxd5 Rxa2 30. Rb5 Rxe2 31. Rxb7 f6 32. Rc7 Nb4 33. Rb7 Nd5 34. Bc5 Rc2 35. Bd6 Nc3 36. Rb8+ Kh7 37. Rb7 Ne4 38. Bf8 Rc8 39.
Rxg7+ Kh8 40. Rg4 f5 41. Rxe4 fxe4 42. Bxh6 1/2-1/2

[Event "*** SCC Grand Prix: Titled Tuesday Blitz"]
[Site "Chess.com"]
[Date "2020.09.08"]
[Round "8"]
[White "iLuusions"]
[Black "Andrii_Prydun"]
[Result "1-0"]
[WhiteElo "2565"]
[BlackElo "2403"]
[TimeControl "180+1"]
[EndTime "11:36:22 PDT"]
[Termination "iLuusions won by resignation"]

1. Nf3 d5 2. e3 Nf6 3. c4 c6 4. b3 e6 5. Nc3 Bd6 6. Bb2 Qe7 7. d4 Ba3 8. Bxa3 Qxa3 9. Qc2 O-O 10. Bd3 Nbd7 11.
O-O b6 12. Ne5 Qd6 13. f4 Bb7 14. e4 c5 15. Nxd7 Nxd7 16. e5 Qe7 17. cxd5 cxd4 18. Bxh7+ Kh8 19. d6 Qh4 20. Be4 Rac8 21. Bxb7 Rxc3 22. Qd2 f6 23. Qxd4 Rc5 24. exf6 Rxf6 25.
Rf3 e5 26. Qa4 Qg4 27. Rh3+ Kg8 28. fxe5 Rf4 29. Qxa7 Rc2 30. Qa8+ Kf7 31. Bd5+ Kg6 32.
Qe8+ Kf5 33. Be6+ Ke4 34. Bxg4 1-0

[Event "*** SCC Grand Prix: Titled Tuesday Blitz"]
[Site "Chess.com"]
[Date "2020.09.08"]
[Round "8"]
[White "TheMagnet"]
[Black "crescentmoon2411"]
[Result "0-1"]
[WhiteElo "2581"]
[BlackElo "2762"]
[TimeControl "180+1"]
[EndTime "11:36:23 PDT"]
[Termination "crescentmoon2411 won by resignation"]

1. d4 Nf6 2. c4 c5 3. d5 e6 4. Nc3 exd5 5. cxd5 d6 6. e4 g6 7. f4 Bg7 8. Nf3 O-O 9. Be2 Bg4 10. O-O Nbd7 11. Re1 Re8 12. h3 Bxf3 13. Bxf3 a6 14. Be3 b5 15. Bf2 Rb8 16. a3 Qc7 17. g4 h6 18. h4 g5 19. hxg5 hxg5 20. e5 dxe5 21. d6 Qd8 22. fxg5 Nh7 23. g6 fxg6 24.
Bd5+ Kh8 25. Bf7 Rf8 26. Bxg6 Qg5 27. Bxh7 Kxh7 28. Ne4 Qg6 29. Kg2 Rf4 30. Rh1+ Bh6 31. Ng3 Rxg4 32. Qf3 Rf8 33. Rxh6+ Kxh6 34. Rh1+ Kg7 35.
Qb7 Rf7 36. Be1 Qc2+ 37. Kg1 Qe2 0-1

[Event "*** SCC Grand Prix: Titled Tuesday Blitz"]
[Site "Chess.com"]
[Date "2020.09.08"]
[Round "8"]
[White "MrrRefrao"]
[Black "geordie_derraugh"]
[Result "0-1"]
[WhiteElo "2229"]
[BlackElo "2399"]
[TimeControl "180+1"]
[EndTime "11:36:23 PDT"]
[Termination "geordie_derraugh won by resignation"]

1. e4 c5 2. Nf3 d6 3. Bb5+ Bd7 4. Bxd7+ Qxd7 5. O-O g6 6. c3 Bg7 7. d4 cxd4 8. cxd4 Nf6 9. Nc3 O-O 10. h3 Qc6 11. Re1 Na6 12. Bg5 e6 13. Rc1 Qb6 14. b3 Rac8 15. Qd2 Qa5 16. Na4 Qxd2 17. Bxd2 Rxc1 18. Bxc1 Rc8 19. Ba3 d5 20. e5 Ne4 21.
Rc1 Rxc1+ 22. Bxc1 Nb4 23. a3 Nc2 24. Kf1 f6 25. exf6 Bxf6 26. Nc5 Bxd4 27. Nxe6 Bxf2 28. Ke2 Bb6 29. Kd3 Na1 30. b4 Nb3 31. Bh6 Kf7 32. Nf4 Nf6 33. Bg5 Bc7 34. Bxf6 Bxf4 35. Bb2 a5 36. Kc2 a4 37. Kd3 Ke6 38. Ne1 Be5 39.
Bxe5 Kxe5 40. g3 Nd4 41. Ng2 Nb5 0-1

[Event "*** SCC Grand Prix: Titled Tuesday Blitz"]
[Site "Chess.com"]
[Date "2020.09.08"]
[Round "8"]
[White "13MiRacLe"]
[Black "LedakovAlexandr"]
[Result "0-1"]
[WhiteElo "2587"]
[BlackElo "2458"]
[TimeControl "180+1"]
[EndTime "11:36:24 PDT"]
[Termination "LedakovAlexandr won by resignation"]

1. e4 Nc6 2. Nf3 d6 3. d4 g6 4. Nc3 Bg7 5. h3 Nf6 6. Bg5 h6 7. Be3 O-O 8. Qd2 Kh7 9. O-O-O Re8 10. e5 Nd7 11. e6 fxe6 12. Bd3 Nb4 13. h4 Nxd3+ 14.
Qxd3 e5 15. h5 e6 16. Qxg6+ Kg8 17. Bxh6 Re7 18. Ng5 Nf8 19. Qd3 Bxh6 20. Kb1 Bxg5 21. h6 Rh7 22. dxe5 d5 23. Qg3 Kh8 24. f4 Bxh6 25. f5 Qg5 26. Qd3 Qxf5 27. Qb5 c6 28.
Qc5 Nd7 29. Qa3 Qxe5 30. Rxh6 Rxh6 31. Qf8+ Nxf8 0-1

[Event "*** SCC Grand Prix: Titled Tuesday Blitz"]
[Site "Chess.com"]
[Date "2020.09.08"]
[Round "8"]
[White "sasko1234"]
[Black "Th3_Hound"]
[Result "1-0"]
[WhiteElo "2429"]
[BlackElo "2573"]
[TimeControl "180+1"]
[EndTime "11:36:25 PDT"]
[Termination "sasko1234 won by resignation"]

1. b3 d5 2. Bb2 Nf6 3. e3 Bf5 4. Nf3 h6 5. Be2 e6 6. O-O Be7 7. h3 O-O 8. d3 Bh7 9. Nbd2 a5 10. a4 c6 11. Ne5 Nbd7 12. Ndf3 Qb8 13. Nxd7 Nxd7 14.
Qd2 Bb4 15. Bc3 Bxc3 16. Qxc3 e5 17. d4 e4 18. Nd2 f5 19. g3 g5 20. Rfe1 Nf6 21.
Nf1 f4 22. exf4 gxf4 23. gxf4 Kh8 24. Ng3 Qxf4 25. Qe3 Qh4 26. Kh2 Rf7 27. Rg1 Raf8 28. Rg2 Rg7 29. Rag1 Rfg8 30. Nf1 Bf5 31. Rxg7 Rxg7 32.
Rxg7 Kxg7 33. Qg3+ Qxg3+ 34. Kxg3 b6 35. Ne3 Be6 36.
h4 c5 37. c3 Ng8 38. Kf4 Kf6 39. Bg4 Ne7 40. Bxe6 Kxe6 41. h5 Nc6 42. dxc5 bxc5 43. Ng4 Nd8 44. Nxh6 Kf6 45. Ng4+ Ke6 46. h6 Nf7 47. h7 Nh8 48. Ne5 Kd6 49. Kf5 Ke7 1-0

[Event "*** SCC Grand Prix: Titled Tuesday Blitz"]
[Site "Chess.com"]
[Date "2020.09.08"]
[Round "8"]
[White "Sn00pPawn"]
[Black "chessbia"]
[Result "0-1"]
[WhiteElo "2008"]
[BlackElo "2167"]
[TimeControl "180+1"]
[EndTime "11:36:26 PDT"]
[Termination "chessbia won on time"]

1. d4 d6 2. c4 g6 3. Nc3 Bg7 4.
Nf3 Nd7 5. e4 c5 6. d5 Ngf6 7.
Bd3 O-O 8. O-O b6 9. Bd2 Nh5 10.
Re1 e6 11. Rb1 e5 12. g3 Qe8 13. Qc2 a6 14. b4 Kh8 15. bxc5 bxc5 16. Rb3 Ra7 17.
Reb1 Qe7 18. Bg5 f6 19. Bd2 Qf7 20. Nh4 h6 21. Be2 g5 22. Nf5 Qg6 23. Qd1 Nf4 24.
gxf4 exf4 25. Bh5 Qh7 26. Nxd6 Ne5 27. Nxc8 Rxc8 28. Rb8 Ra8 29. Rxa8 Rxa8 30. Qa4 Bf8 31. Nb5 Qd7 32. Nc3 Qh3 33. Qd1 f3 34. Qf1 Qxh5 35.
Rb7 Bd6 36. Na4 Nxc4 37. h3 Nxd2 0-1

[Event "*** SCC Grand Prix: Titled Tuesday Blitz"]
[Site "Chess.com"]
[Date "2020.09.08"]
[Round "8"]
[White "fighter2jz"]
[Black "jhonnyuribe"]
[Result "0-1"]
[WhiteElo "2708"]
[BlackElo "2542"]
[TimeControl "180+1"]
[EndTime "11:36:27 PDT"]
[Termination "jhonnyuribe won by checkmate"]

1. e4 c6 2. d4 d5 3. e5 c5 4. dxc5 Nc6 5. Nf3 Bg4 6. c3 e6 7.
Be3 Nge7 8. Bb5 Qc7 9. Bd4 Nf5 10. h3 Bxf3 11. Qxf3 a6 12. Ba4 Be7 13. O-O O-O 14.
Bxc6 Qxc6 15. g4 Nxd4 16. cxd4 b6 17. cxb6 Qxb6 18. Qd3 Qxb2 19. Nd2 Rfc8 20. Rab1 Qxa2 21. Rb7 Bf8 22. Nf3 Qc4 23. Qb1 h6 24. g5 Qc2 25.
Qxc2 Rxc2 26. gxh6 gxh6 27. Kh2 a5 28. Ne1 Rc1 29.
Rg1+ Bg7 30. Rb3 a4 31. Rbg3 Kh8 32. Nd3 Rxg1 33. Rxg1 a3 34. Ra1 Bf8 35. Ra2 Ra4 36. Nc5 Rxd4 37. Nd7 Bb4 38. Ra1 Rd2 39. Rg1 Bc3 40. Kh1 Rxf2 41. Nf6 Rxf6 42. exf6 a2 43. Ra1 Bxa1 44. Kg2 Bxf6 45. Kg3 a1=Q 46. Kg4 Qd4+ 47. Kh5 Qh4# 0-1

[Event "*** SCC Grand Prix: Titled Tuesday Blitz"]
[Site "Chess.com"]
[Date "2020.09.08"]
[Round "8"]
[White "awesomevishesh"]
[Black "TudorAnton"]
[Result "1-0"]
[WhiteElo "2415"]
[BlackElo "2556"]
[TimeControl "180+1"]
[EndTime "11:36:28 PDT"]
[Termination "awesomevishesh won by resignation"]

1. e4 e5 2. Nf3 Nc6 3. Bb5 a6 4. Ba4 Nf6 5. O-O b5 6. Bb3 Bc5 7. c3 d6 8. a4 Rb8 9. d4 Bb6 10. a5 Ba7 11. h3 O-O 12. Re1 Re8 13. Be3 exd4 14. cxd4 d5 15. e5 Ne4 16. Nc3 Be6 17.
Ne2 h6 18. Nf4 Qd7 19. Bc2 Ne7 20. Nd2 Nxd2 21. Qxd2 Bf5 22. Bb3 c6 23. Nh5 Bg6 24.
Nf4 Nf5 25. Nxg6 fxg6 26. Rac1 Re6 27. Bc2 Rf8 28. Bb1 g5 29. Qd3 g6 30. Rcd1 Bb8 31.
Re2 Bc7 32. Bd2 Bd8 33. Bc3 Qf7 34. g3 Be7 35. Kg2 Kh7 36. Rf1 Ng7 37. f4 Qe8 38.
Ref2 gxf4 39. Rxf4 Rxf4 40. Rxf4 Bg5 41. Rf3 Nf5 42. Bc2 Be7 43. Qf1 b4 44. Rxf5 gxf5 45.
Bxf5+ Rg6 46. Bd2 Kg8 47. Bxg6 Qxg6 48. Qf4 Bg5 49. Qg4 Qc2 50. Qe6+ Kg7 51. Qd7+ Kf8 52. Qc8+ Kf7 53. Qd7+ Be7 54. Qf5+ Ke8 55. Qxc2 b3 56. Qd3 c5 57. Qf3 Kd8 58. Qd1 c4 59. Bc3 Bg5 60. Qf1 Be3 61. Qf5 Bg5 62. Qe6 Kc7 63. Qxd5 1-0

[Event "*** SCC Grand Prix: Titled Tuesday Blitz"]
[Site "Chess.com"]
[Date "2020.09.08"]
[Round "8"]
[White "DrMamaliga"]
[Black "Mambastik-Fantastic"]
[Result "1-0"]
[WhiteElo "2212"]
[BlackElo "2295"]
[TimeControl "180+1"]
[EndTime "11:36:28 PDT"]
[Termination "DrMamaliga won by resignation"]

1. c4 Nf6 2. Nf3 d5 3. cxd5 Nxd5 4. e4 Nb6 5. d4 g6 6. Be3 Bg7 7. Be2 O-O 8. O-O c5 9. Nc3 cxd4 10. Bxd4 Bxd4 11.
Qxd4 Nc6 12. Qxd8 Rxd8 13. Rad1 Bg4 14. Rfe1 e6 15. Nb5 Bxf3 16. Bxf3 Ne5 17. Be2 Nbc4 18. b3 Nb2 19. Rb1 Rd2 20. Bf1 a6 21. Na3 b5 22. Rec1 Rad8 23. Nc2 Rd1 24. Rxd1 Nxd1 25. a4 Rd2 26. Nb4 Nxf2 27. Nxa6 bxa4 28. bxa4 Nxe4 29.
Nb4 Nc3 30. Ra1 Ng4 31. a5 Rd8 32. a6 Ra8 33. h3 Ne5 34. Ra3 Nd5 35. Nxd5 exd5 36.
Ra5 Nc6 37. Rxd5 Kf8 38. Rc5 Na7 39. Rc7 h5 40. Be2 Ke8 41. Bf3 1-0

[Event "*** SCC Grand Prix: Titled Tuesday Blitz"]
[Site "Chess.com"]
[Date "2020.09.08"]
[Round "8"]
[White "alejogarcia1999"]
[Black "Butterfly"]
[Result "0-1"]
[WhiteElo "2355"]
[BlackElo "2497"]
[TimeControl "180+1"]
[EndTime "11:36:29 PDT"]
[Termination "Butterfly won by resignation"]

1. Nf3 d5 2. g3 Bg4 3. Bg2 c6 4. h3 Bh5 5. O-O Nd7 6. c4 e5 7. cxd5 cxd5 8. d3 Ngf6 9. Nc3 d4 10. Nb5 Be7 11. Bg5 O-O 12. Rc1 Qb6 13. Qb3 a6 14.
Na3 Qxb3 15. axb3 Rac8 16. Nc4 h6 17. Bd2 Nc5 18. g4 Bg6 19. Bb4 Nxb3 20. Bxe7 Nxc1 21.
Rxc1 Rfe8 22. Bxf6 gxf6 23. Ra1 Re6 24. Nfd2 b5 25. Na3 f5 26. f3 f4 27. h4 Rec6 28. Kf2 Rc1 29. Ra2 f6 30. Nab1 R8c6 31. b3 R1c2 32. Ra3 Rb2 33. g5 hxg5 34. hxg5 f5 35. Bh3 Kf7 36. Bf1 Ke6 37. Ra5 Be8 38. Bh3 Bg6 39. Ra1 Kd6 40. Na3 Rxd2 41. Nb1 Rd1 0-1

[Event "*** SCC Grand Prix: Titled Tuesday Blitz"]
[Site "Chess.com"]
[Date "2020.09.08"]
[Round "8"]
[White "LubovMarkelova"]
[Black "JesseKraai"]
[Result "0-1"]
[WhiteElo "2239"]
[BlackElo "2518"]
[TimeControl "180+1"]
[EndTime "11:36:30 PDT"]
[Termination "JesseKraai won on time"]

1. Nf3 b6 2. c4 Bb7 3. g3 Bxf3 4.
exf3 c5 5. d4 Nc6 6. d5 Nd4 7.
Be3 Nf5 8. Bf4 d6 9. Bd3 Ngh6 10. Bxh6 Nxh6 11. Nc3 g6 12. g4 Bg7 13. Ne2 O-O 14.
Qd2 e6 15. h4 exd5 16. cxd5 Re8 17. O-O-O c4 18. Be4 f5 19. gxf5 gxf5 20. Bc2 Qf6 21.
Nc3 b5 22. Rdg1 b4 23. Nd1 b3 24. axb3 cxb3 25. Bxb3 Rab8 26. Ba4 Re7 27. Bc6 Kh8 28. Qg5 Qf8 29. Re1 Re5 30. Rxe5 dxe5 31. Rg1 e4 32. fxe4 fxe4 33. Qe3 Nf5 34. Qxa7 Qb4 35. Rxg7 Nxg7 36. d6 Qc4+ 37. Kb1 Qd3+ 38. Ka2 Qxd6 0-1

[Event "*** SCC Grand Prix: Titled Tuesday Blitz"]
[Site "Chess.com"]
[Date "2020.09.08"]
[Round "8"]
[White "Tekushka"]
[Black "Goryachkina"]
[Result "0-1"]
[WhiteElo "2420"]
[BlackElo "2593"]
[TimeControl "180+1"]
[EndTime "11:36:32 PDT"]
[Termination "Goryachkina won on time"]

1. e4 e6 2. d4 d5 3. Nc3 Bb4 4. e5 c5 5. a3 Ba5 6. b4 cxd4 7.
Nb5 Bc7 8. Nf3 Bd7 9. Nxc7+ Qxc7 10. Bd3 Nc6 11. O-O Nge7 12. Re1 Ng6 13. Qe2 a6 14. h4 Nge7 15. h5 h6 16. Bf4 Rc8 17. Nd2 Nf5 18. Qg4 Nce7 19. Qh3 g5 20. hxg6 Nxg6 21. Bh2 Nge7 22. g4 Ng7 23. Qf3 h5 24. Qf6 Kf8 25. gxh5 Rxh5 26. Bg3 Ngf5 27. Kg2 Ng8 28. Bxf5 Nxf6 29.
exf6 Qc6 30. Bd3 e5 31. Bxe5 Bh3+ 32. Kg3 Qe6 33. f3 Rxe5 0-1

[Event "*** SCC Grand Prix: Titled Tuesday Blitz"]
[Site "Chess.com"]
[Date "2020.09.08"]
[Round "8"]
[White "Chessdreamer2020"]
[Black "Brave_spirit12"]
[Result "1-0"]
[WhiteElo "2394"]
[BlackElo "2491"]
[TimeControl "180+1"]
[EndTime "11:36:32 PDT"]
[Termination "Chessdreamer2020 won by resignation"]

1. e4 e6 2. d4 d5 3. Nd2 c5 4. exd5 exd5 5. Ngf3 Nc6 6. Bb5 Bd6 7. dxc5 Bxc5 8.
O-O Ne7 9. Nb3 Bd6 10. Re1 O-O 11. Bd3 h6 12. c3 Bg4 13. h3 Bh5 14. Bc2 Re8 15.
Qd3 Bg6 16. Qd1 Bxc2 17. Qxc2 Rc8 18. Qd3 Qd7 19. Be3 Ng6 20. Qd2 Nce5 21. Nxe5 Nxe5 22. Qxd5 Nc4 23. Rad1 Red8 24. Bf4 Nxb2 25. Rd2 Bxf4 26. Qxd7 Bxd2 27. Re8+ Rxe8 28. Qxd2 Nc4 29. Qd4 a6 30. Nc5 Nb6 31. Nxb7 Re6 32. a4 Rc4 33. Qd8+ Kh7 34.
a5 Na4 35. Nd6 Rf4 36. Qd7 Nxc3 37. Nxf7 Re1+ 38. Kh2 Rxf2 39. Qd3+ Ne4 40. Nd6 Rfe2 41. Nxe4 Rxe4 42. Qxa6 Ra4 43. Qd3+ Kg8 44. Qb3+ Rc4 45.
Qxc4+ Re6 46. Qxe6+ 1-0

[Event "*** SCC Grand Prix: Titled Tuesday Blitz"]
[Site "Chess.com"]
[Date "2020.09.08"]
[Round "8"]
[White "Roaccutane"]
[Black "ChronicUnhappiness"]
[Result "1-0"]
[WhiteElo "2605"]
[BlackElo "2449"]
[TimeControl "180+1"]
[EndTime "11:36:34 PDT"]
[Termination "Roaccutane won on time"]

1. Nf3 c5 2. c4 Nf6 3. g3 b6 4. d4 cxd4 5. Qxd4 e6 6. Bg2 Bb7 7. O-O Bc5 8. Qh4 Ne4 9. Ng5 Nxf2 10. Bxb7 Nd3+ 11. Kg2 Nxc1 12. Bxa8 Be7 13. Nxf7 Bxh4 14.
Nxd8 Nxe2 15. Nxe6 Bf6 16. Bf3 Bxb2 17. Nd2 Bxa1 18.
Rxa1 dxe6 19. Bxe2 Nd7 20. Nb3 Ke7 21. Re1 Ne5 22. c5 bxc5 23. Nxc5 Rc8 24. Rc1 Nd7 25.
Nb3 Rb8 26. Kf2 a5 27. Nd4 Rb2 28. Rc2 Rb1 29. Nc6+ Kd6 30. Nxa5 Nc5 31. Nc4+ Ke7 32. Nd2 Na4 33. Bf3 Nb2 34. h4 Nd3+ 35. Ke3 Nb4 36. Rc7+ Kd6 37. Rb7 1-0

[Event "*** SCC Grand Prix: Titled Tuesday Blitz"]
[Site "Chess.com"]
[Date "2020.09.08"]
[Round "8"]
[White "SeedToTree"]
[Black "KyrgyzFighter"]
[Result "0-1"]
[WhiteElo "2508"]
[BlackElo "2365"]
[TimeControl "180+1"]
[EndTime "11:36:36 PDT"]
[Termination "KyrgyzFighter won by checkmate"]

1. e4 e6 2. d4 d5 3. Nc3 Nf6 4. Bg5 Be7 5. e5 Nfd7 6. Bxe7 Qxe7 7. f4 O-O 8. Nf3 c5 9. Bd3 h6 10. O-O Nc6 11. dxc5 Qxc5+ 12. Kh1 f6 13. exf6 Rxf6 14. Qe2 Nb6 15. Ne5 Nxe5 16. Qxe5 Nc4 17. Bxc4 Qxc4 18.
Rad1 Bd7 19. b3 Qa6 20. a4 Raf8 21. Ne2 Rf5 22. Qe3 e5 23. Kg1 d4 24. Qd2 Bc6 25.
fxe5 d3 26. cxd3 Qb6+ 27. d4 Qxb3 28. Rxf5 Rxf5 29. Rf1 Rxf1+ 30. Kxf1 Qd5 31. Nf4 Qe4 32. d5 Bxa4 33. e6 Bb5+ 34. Kf2 g5 35. Nh5 Qf5+ 36. Kg3 Qe5+ 37. Kh3 Be2 38. Nf6+ Kg7 39. Ne8+ Kf8 40. d6 g4+ 41. Kh4 Qxh2# 0-1

[Event "*** SCC Grand Prix: Titled Tuesday Blitz"]
[Site "Chess.com"]
[Date "2020.09.08"]
[Round "8"]
[White "IngOscarArdila"]
[Black "tmr88"]
[Result "0-1"]
[WhiteElo "2151"]
[BlackElo "2089"]
[TimeControl "180+1"]
[EndTime "11:36:36 PDT"]
[Termination "tmr88 won on time"]

1. d4 Nf6 2. c4 g6 3. Nc3 Bg7 4. e4 d6 5. Nf3 O-O 6. Be2 e5 7.
O-O Nc6 8. d5 Ne7 9. Bg5 Ne8 10.
b4 f6 11. Be3 f5 12. Bg5 f4 13.
Nd2 h6 14. Bxe7 Qxe7 15. Bg4 h5 16. Bxc8 Rxc8 17. f3 g5 18. Rc1 Nf6 19. h3 Rf7 20.
Nb5 a6 21. Nc3 Bf8 22. a4 g4 23. hxg4 hxg4 24. fxg4 Rg7 25. Qf3 Nxg4 26. Nd1 Qh4 27. Qh3 Qxh3 28. gxh3 Ne3+ 29. Kf2 Rg2+ 30. Ke1 Nxf1 31.
Kxf1 Rxd2 32. Nf2 Be7 33. Ng4 Kh7 34. c5 Rf8 35. c6 b6 36. a5 bxa5 37. bxa5 Rb2 38.
Rc3 Rfb8 39. Nf2 R8b3 40. Rc1 Rb1 41. Rxb1 Rxb1+ 42. Kg2 Rb2 43. Kf3 Rxf2+ 44. Kxf2 Bh4+ 0-1

[Event "*** SCC Grand Prix: Titled Tuesday Blitz"]
[Site "Chess.com"]
[Date "2020.09.08"]
[Round "8"]
[White "plumalka"]
[Black "Iskusnyh"]
[Result "1-0"]
[WhiteElo "2444"]
[BlackElo "2574"]
[TimeControl "180+1"]
[EndTime "11:36:37 PDT"]
[Termination "plumalka won by checkmate"]

1. e4 e6 2. d4 d5 3. Nc3 Nf6 4. Bg5 dxe4 5. Nxe4 Nbd7 6. Bd3 Be7 7. Bxf6 Nxf6 8. c3 O-O 9. Ne2 b6 10. Qc2 g6 11.
Nxf6+ Bxf6 12. Be4 Rb8 13. Ng3 c5 14. dxc5 bxc5 15.
O-O Qc7 16. Rfd1 Bd7 17. Bf3 Rfd8 18. Ne4 Bg7 19. h4 Be8 20. h5 Rd5 21. hxg6 hxg6 22. Rxd5 exd5 23. Ng5 d4 24. Re1 Qf4 25. Nh3 Qf6 26.
cxd4 cxd4 27. b3 Bb5 28. Be4 Rd8 29. a4 Bd7 30. Qd3 Be6 31. Kf1 Rc8 32. Ng1 Rc3 33.
Qd2 Rxb3 34. Nf3 d3 35. Bxd3 Qd8 36. Rd1 Rb2 37. Qe3 Bb3 38. Re1 Bxa4 39. Bc4 Bc6 40. Ng5 Qf6 41. Bxf7+ Kh8 42. Qh3+ Bh6 43. Qxh6# 1-0

[Event "*** SCC Grand Prix: Titled Tuesday Blitz"]
[Site "Chess.com"]
[Date "2020.09.08"]
[Round "8"]
[White "earling8018"]
[Black "RobPeresian"]
[Result "0-1"]
[WhiteElo "2056"]
[BlackElo "2367"]
[TimeControl "180+1"]
[EndTime "11:36:38 PDT"]
[Termination "RobPeresian won on time"]

1. d4 Nf6 2. c4 e6 3. Nf3 d5 4.
Nc3 Bb4 5. Qa4+ Nc6 6. Bg5 O-O 7. Qc2 h6 8. Bd2 dxc4 9. e3 a6 10. Bxc4 Bd6 11. O-O e5 12. dxe5 Nxe5 13. Nxe5 Bxe5 14. f4 Bd6 15. Rad1 Bg4 16. Rde1 Re8 17. e4 Bf8 18. e5 Qd4+ 19. Kh1 Qxc4 20. exf6 g6 21. Qa4 Qxa4 22. Nxa4 b5 23. Nc3 c6 24.
a3 Bf5 25. h3 Bd3 26. Rxe8 Rxe8 27. Re1 Rd8 28. Bc1 Bc4 29. g4 Be6 30. Kg2 Rd3 31.
Re3 Rd4 32. Kf3 c5 33. Re4 Rd3+ 34. Re3 Rd8 35. h4 c4 36. g5 h5 37. Kf2 Bg4 38.
Kg3 Bc5 0-1

[Event "*** SCC Grand Prix: Titled Tuesday Blitz"]
[Site "Chess.com"]
[Date "2020.09.08"]
[Round "8"]
[White "Jospem"]
[Black "UCantHandleDenker"]
[Result "1-0"]
[WhiteElo "2909"]
[BlackElo "2602"]
[TimeControl "180+1"]
[EndTime "11:36:39 PDT"]
[Termination "Jospem won by checkmate"]

1. e4 d6 2. d4 Nf6 3. Nc3 g6 4. Be2 Bg7 5. Nf3 O-O 6. O-O c5 7. dxc5 dxc5 8. h3 b6 9. Bg5 Nc6 10. Bc4 Nd7 11. Bd5 Bb7 12. Qd2 Re8 13. Rad1 Qc8 14.
Ne2 e6 15. Bxc6 Bxc6 16. Ng3 Ne5 17. Nxe5 Bxe5 18. c3 Qc7 19. Qe3 a5 20. f4 Bg7 21. e5 h6 22. Bh4 Qb7 23. Rf2 Rac8 24.
Rfd2 Rc7 25. Nf1 Rd7 26. Nh2 Rxd2 27. Rxd2 Rc8 28. Ng4 Bf8 29. Kh2 c4 30. Qg3 Bg7 31. Bf6 Be4 32. Bxg7 Kxg7 33. Qh4 h5 34. Nf6 Bc6 35.
Qg5 Rh8 36. Rd6 Ba4 37. b3 cxb3 38. axb3 Bb5 39. c4 Be8 40. Rd8 Bc6 41. Nxh5+ Rxh5 42. Qf6+ Kh7 43. Rh8# 1-0

[Event "*** SCC Grand Prix: Titled Tuesday Blitz"]
[Site "Chess.com"]
[Date "2020.09.08"]
[Round "8"]
[White "tteshan"]
[Black "Mbneu"]
[Result "1-0"]
[WhiteElo "2409"]
[BlackElo "2267"]
[TimeControl "180+1"]
[EndTime "11:36:42 PDT"]
[Termination "tteshan won on time"]

1. e4 c5 2. Nf3 Nf6 3. e5 Nd5 4.
c3 b6 5. d4 cxd4 6. cxd4 Ba6 7.
Bxa6 Nxa6 8. O-O e6 9. Nc3 Nxc3 10. bxc3 Be7 11. Nd2 O-O 12. Ne4 d5 13. exd6 Bxd6 14.
f4 Nc7 15. Rf3 Nd5 16. Rh3 f5 17. Ng5 Rf6 18. Rxh7 Rh6 19. Rxh6 gxh6 20. Nxe6 Qf6 21. c4 Nc3 22. Qe1 Ne4 23. Be3 Qxe6 24. d5 Qe7 25. Bd4 Bc5 26. Rd1 Rc8 27. h3 Bxd4+ 28. Rxd4 Qc5 29. Qe3 Re8 30. Kh2 Nf6 31. Qg3+ Kf7 32. Rd3 Re4 33. Qh4 Kg6 34. Rg3+ Kf7 35. Qxh6 Qf8 36. Qg6+ Ke7 37. Qxf5 Qf7 38. Rg6 Ne8 39. Qxe4+ 1-0

[Event "*** SCC Grand Prix: Titled Tuesday Blitz"]
[Site "Chess.com"]
[Date "2020.09.08"]
[Round "8"]
[White "KNCP_719"]
[Black "Snegokhod"]
[Result "0-1"]
[WhiteElo "2552"]
[BlackElo "2400"]
[TimeControl "180+1"]
[EndTime "11:36:43 PDT"]
[Termination "Snegokhod won on time"]

1. Nf3 Nf6 2. c4 g6 3. b3 Bg7 4.
Bb2 O-O 5. g3 c5 6. Bg2 Nc6 7.
O-O d6 8. d4 Ne4 9. Nc3 Bf5 10.
e3 Nxc3 11. Bxc3 Be4 12. Qd2 cxd4 13. exd4 d5 14. c5 Bxf3 15. Bxf3 e6 16. b4 Qf6 17.
Bg2 Nxd4 18. Bxd4 Qxd4 19. Qxd4 Bxd4 20. Rab1 a5 21. Rfd1 Bc3 22. b5 Bb4 23. Rdc1 Rfc8 24. c6 bxc6 25. bxc6 Kf8 26. Bf1 Ke7 27. Rb3 Kd6 28.
a3 Bc5 29. Rb7 Rxc6 30. Kg2 Ra7 31. Rb8 Rac7 32. a4 Bb4 33. Rd1 Rc2 34. Bd3 Ra2 35.
Rf8 Ke5 36. Rf1 Kf6 37. Kh3 Bxf8 0-1